 Dungeon Sprint DCSS version 0.32-a0-42-ga30500b4d3 (webtiles) character file.

Game seed: 2818562874451961228

3137 fozzywoppz the Basher (level 9, 0/78 HPs)
             Began as a Demonspawn Gladiator on Feb 2, 2024.
             Was a High Priest of Qazlal.
             Slain by a sphinx (8 damage)
             ... while paralysed by a sphinx
             ... in the Dungeon (Sprint V: "Ziggurat Sprint").
             The game lasted 00:07:21 (567 turns).

fozzywoppz the Basher (Demonspawn Gladiator)         Turns: 567, Time: 00:07:21

Health: 0/78       AC: 23    Str: 24    XL:     9   Next: 61%
Magic:  16/16      EV:  2    Int:  8    God:    Qazlal [*****.]
Gold:   0          SH:  0    Dex: 22    Spells: 8/8 levels left

rFire   + . .        G - +5 demon whip
rCold   + . .        H - +3 buckler
rNeg    . . .        K - +5 gold dragon scales
rPois   +            c - +0 helmet
rElec   .            (no cloak)
rCorr   .            (gloves unavailable)
SInv    .            (no boots)
Will    .....        o - amulet of magic regeneration Stlth
                     y - +6 ring of dexterity
HPRegen 0.33/turn    C - +6 ring of strength
MPRegen 0.55/turn

%: no teleportation, repel missiles
@: paralysed, marked, protected from physical damage
A: demonic guardian 2, weakness stinger 2, demonic touch 3
a: Renounce Religion, Upheaval, Elemental Force, Disaster Area


You were in the Dungeon.
You worshipped Qazlal.
Qazlal was extremely pleased with you.
You visited 1 branch

Inventory:

Hand Weapons
 z - a +0 rapier of electrocution
 E - the +7 great mace "Firestarter" {flame, immolate, rFlCloud rF++}
   (You found it in the Dungeon)

   rFlCloud:  It grants immunity to clouds of flame.
   rF++:      It greatly protects you from fire.
 F - the +6 shillelagh "Devastator" {shatter}
   (You found it in the Dungeon)
 G - a +5 demon whip (weapon)
Missiles
 d - 3 throwing nets (quivered)
 e - a javelin
Armour
 c - a +0 helmet (worn)
 H - a +3 buckler (worn)
 I - a +3 tower shield
 J - a +5 crystal plate armour
 K - +5 gold dragon scales (worn)
 L - a +5 plate armour
Jewellery
 o - an amulet of magic regeneration (around neck)
 x - a ring of flight
 y - a +6 ring of dexterity (left hand)
 A - the ring "Ciatanop" {^Drain rPois rF++ AC+4 Stlth+}
   (You acquired it in the Dungeon)

   [ring of protection]

   AC+4:      It affects your AC (+4).
   rF++:      It greatly protects you from fire.
   rPois:     It protects you from poison ^Drain: It drains your maximum health
   when unequipped.
   Stlth+:    It makes you more stealthy.
 B - a +6 ring of intelligence
 C - a +6 ring of strength (right hand)
 D - a +6 ring of strength
Wands
 a - a wand of polymorph (3)
 u - a wand of mindburst (7)
 v - a wand of iceblast (13)
 w - a wand of quicksilver (7)
 M - a wand of flame (3)
Scrolls
 k - 4 scrolls of blinking
 q - 4 scrolls of amnesia
 r - 7 scrolls of fog
 s - 5 scrolls of identify
 t - 2 scrolls of fear
Potions
 f - 10 potions of curing
 g - 7 potions of heal wounds
 h - 6 potions of haste
 i - 7 potions of magic
 j - 3 potions of berserk rage
 l - 2 potions of brilliance
 m - 2 potions of invisibility
 n - 4 potions of resistance
 p - 5 potions of might
Miscellaneous
 b - a phantom mirror


   Skills:
 - Level 10.0 Fighting
 + Level 12.6 Maces & Flails
 - Level 1.7 Throwing
 - Level 5.0 Armour
 - Level 5.0 Dodging
 - Level 5.0 Shields
 - Level 10.0 Invocations
 + Level 9.9 Evocations


You had 8 spell levels left.
You didn't know any spells.
Your spell library contained the following spells:

 Spells                   Type           Power      Damage    Failure   Level
 Inner Flame              Hex/Fire       0%         N/A       100%        3
 Animate Armour           Summ/Erth      0%         N/A       100%        4
 Flame Wave               Conj/Fire      0%         2d4       100%        4
 Sticky Flame             Fire/Alch      0%         2d4       100%        4
 Summon Lightning Spire   Summ/Air       0%         N/A       100%        4
 Vhi's Electric Charge    Tloc/Air       0%         N/A       100%        4
 Alistair's Intoxication  Alch           0%         N/A       100%        5
 Arcjolt                  Conj/Air       0%         1d10      100%        5
 Borgnjor's Vile Clutch   Necr/Erth      0%         N/A       100%        5
 Lee's Rapid Deconstruct  Erth           0%         3d4*      100%        5
 Eringya's Noxious Bog    Alch           0%         4d6       100%        6
 Haunt                    Necr/Summ      0%         N/A       100%        7
 Borgnjor's Revivificati  Necr           0%         N/A       100%        8
 Maxwell's Capacitive Co  Air            0%         ∞         100%        8
 Chain Lightning          Conj/Air       0%         N/A       100%        9
 Death's Door             Necr           0%         N/A       100%        9
 Fire Storm               Conj/Fire      0%         5d1       100%        9
 Shatter                  Erth           0%         3d5*      100%        9


Dungeon Overview and Level Annotations

Branches:
Dungeon (1/1)

Altars:
Ashenzari
Cheibriados
Dithmenos
Fedhas
Gozag
Hepliaklqana
Kikubaaqudgha
Makhleb
Nemelex Xobeh
Okawaru
Qazlal
Ru
Sif Muna
Trog
Uskayaw
Vehumet
Wu Jian
Xom
Yredelemnul
Jiyva
Lugonu

Annotations:
D 1 transporter


Innate Abilities, Weirdness & Mutations

A demonic guardian rushes to your aid.
You have a tail ending in a sharp stinger.
Your touch may irresistibly damage your foes and sap their willpower.


Message History

The vault sentinel is almost dead.
You block the slime creature's attack.
The vault sentinel blows a loud note on a signal horn!
The ironbound frostheart is engulfed in freezing vapours.
The ironbound frostheart touches you. The ironbound frostheart freezes you!
You resist.
Your resistance to physical damage fades away.
You feel protected from cold.
* * * LOW HITPOINT WARNING * * *
A demonic guardian appears!
You feel much better. The sphinx barely misses you.
You block the sphinx's attack. The sphinx hits you.
Your resistance to cold fades away.
You feel protected from physical attacks.
The slime creature hits you but does no damage.
The vault sentinel unwields a +0 arbalest.
The vault sentinel wields a +0 war axe.
You block the vault sentinel's attack.
The vault sentinel hits your hellwing but does no damage.
Your hellwing hits the slime creature! Your hellwing hits the slime creature.
The sphinx casts a spell.
You suddenly lose the ability to move!
The ironbound frostheart is engulfed in freezing vapours.
The ironbound frostheart touches you but does no damage.
The slime creature hits you but does no damage.
The sphinx is engulfed in freezing vapours.
The sphinx hits you.
* * * LOW HITPOINT WARNING * * *
The sphinx hits you but does no damage. The sphinx hits you.
* * * LOW HITPOINT WARNING * * *
The ironbound frostheart is engulfed in freezing vapours.
The ironbound frostheart touches you but does no damage.
Your hellwing hits the slime creature. x2
The vault sentinel hits you but does no damage.
The vault sentinel hits your hellwing with a +0 war axe!
The slime creature hits you but does no damage.
The sphinx is engulfed in freezing vapours.
The sphinx hits you!
* * * LOW HITPOINT WARNING * * *
The sphinx hits you but does no damage. The sphinx hits you!
You die...

▓...©...▓
▓▓▓▓▓▓▓▓▓
▓..8©8..▓
▓..)/|..▓
▓..)[=..▓
▓.......▓
▓.°§..°.▓
▓..pJp..▓
▓..H@4§.▓
▓.▓.☼.▓.▓
▓...©...▓
▓▓▓▓▓▓▓▓▓


You could see a sphinx, a slime creature, an ironbound frostheart, a vault
sentinel (ally target) and a friendly hellwing (summoned).

Vanquished Creatures
  An arcanist (D)
  2 ugly things (D)
  A cane toad (D)
  A yaktaur (D)
  A glass eye (D)
  A golden eye (D)
  3 wargs (shapeshifter) (D)
  A water moccasin (D)
  A wolf (D)
  A necrophage (D)
  2 bullfrogs (D)
  An orc priest (D)
  A jelly (D)
  An orc wizard (D)
  2 orcs (D)
  An endoplasm (D)
  3 jackals (D)
  A ball python zombie (D)
25 creatures vanquished.

Vanquished Creatures (collateral kills)
  A wolf (D)
1 creature vanquished.

Grand Total: 26 creatures vanquished

Notes
Turn   | Place    | Note
-------+----------+-------------------------------------------
     0 | D        | fozzywoppz the Demonspawn Gladiator began the quest for the
                  | Orb.
     0 | D        | Reached XP level 1. HP: 16/16 MP: 1/1
     0 | D        | Found a shimmering blue altar of Sif Muna.
     0 | D        | Found a sacrificial altar of Ru.
     0 | D        | Found a bloodstained altar of Trog.
     0 | D        | Found a stormy altar of Qazlal.
     0 | D        | Found an iron altar of Okawaru.
     0 | D        | Found a sparkling altar of Nemelex Xobeh.
     0 | D        | Found a blossoming altar of Fedhas.
     0 | D        | Found the +6 Majin-Bo {spellvamp, MP+6 Int+6}
     0 | D        | Found the +27 heavy crossbow "Sniper" {heavy, Acc+∞ SInv}
     0 | D        | Found the +10 dark maul {heavy}
     0 | D        | Found the +15 Maxwell's patent armour {-Cast -Tele rElec
                  | Will+ rCorr}
     0 | D        | Found the +18 shield of the Gong {Loud rN+ Will+ rCorr
                  | EV-5}
     0 | D        | Found the +16 obsidian axe {drain, demonic, Mesm ^Drain Fly
                  | SInv}
     0 | D        | Found the +7 great mace "Firestarter" {flame, immolate,
                  | rFlCloud rF++}
     0 | D        | Found the +6 shillelagh "Devastator" {shatter}
     0 | D        | Found the +11 plutonium sword {^Contam Stlth-}
     0 | D        | Found the +8 lance "Wyrmbane" {slay drac, rPois rF+ rC+
                  | AC+3}
     0 | D        | Found the +9 sword of Zonguldrok {reap}
     0 | D        | Found the +13 scythe of Curses {drain, curses, ^Drain}
     0 | D        | Found the +9 sword of Power {lifebolt}
     0 | D        | Found the +7 mace of Variability {chaos, chaos arc}
     0 | D        | Found the +11 Singing Sword {sonic wave}
     0 | D        | Found the +8 storm bow {elec, penet}
     2 | D        | Found a transporter.
     2 | D        | Found an ancient bone altar of Kikubaaqudgha.
     2 | D        | Found a viscous altar of Jiyva.
     2 | D        | Found a corrupted altar of Lugonu.
     2 | D        | Found a hazy altar of Hepliaklqana.
     2 | D        | Found a burning altar of Makhleb.
     2 | D        | Found an opulent altar of Gozag.
    65 | D        | Reached skill level 5 in Maces & Flails
    65 | D        | Discovered your monstrous ancestry.
    65 | D        | Gained mutation: Your touch may inflict minor irresistible
                  | damage on your foes. [demonic ancestry]
    65 | D        | Reached XP level 2. HP: 22/22 MP: 2/2
    72 | D        | Became a worshipper of Qazlal Stormbringer
    90 | D        | Entered arena 2.
    90 | D        | Noticed a necrophage
    90 | D        | Found a transporter.
    98 | D        | Killed a necrophage
    99 | D        | Reached skill level 6 in Maces & Flails
    99 | D        | Reached skill level 5 in Armour
    99 | D        | Gained mutation: You have a small tail. [demonic ancestry]
    99 | D        | Reached XP level 3. HP: 24/27 MP: 3/3
    99 | D        | Gained mutation: Your touch may inflict irresistible damage
                  | on your foes. [demonic ancestry]
    99 | D        | Reached XP level 4. HP: 29/33 MP: 4/4
   116 | D        | Entered arena 3.
   116 | D        | Noticed a bullfrog
   116 | D        | Found a transporter.
   120 | D        | Killed a bullfrog
   120 | D        | Reached * piety under Qazlal
   121 | D        | Reached skill level 5 in Dodging
   124 | D        | Reached skill level 7 in Maces & Flails
   126 | D        | Gained mutation: You have a tail ending in a sharp stinger.
                  | [demonic ancestry]
   126 | D        | Reached XP level 5. HP: 38/38 MP: 5/5
   139 | D        | Entered arena 4.
   139 | D        | Noticed a golden eye
   139 | D        | Noticed a glass eye
   139 | D        | Found a transporter.
   144 | D        | Reached ** piety under Qazlal
   145 | D        | Reached skill level 1 in Invocations
   161 | D        | Killed a glass eye
   162 | D        | Reached skill level 8 in Maces & Flails
   162 | D        | Reached skill level 5 in Shields
   162 | D        | Reached skill level 5 in Invocations
   162 | D        | Gained mutation: Your touch may irresistibly damage your
                  | foes and sap their willpower. [demonic ancestry]
   162 | D        | Reached XP level 6. HP: 47/49 MP: 6/9
   164 | D        | Killed a golden eye
   165 | D        | Reached skill level 5 in Fighting
   312 | D        | Entered arena 5.
   312 | D        | Found a transporter.
   318 | D        | Reached *** piety under Qazlal
   319 | D        | Reached skill level 9 in Maces & Flails
   319 | D        | Reached skill level 1 in Evocations
   319 | D        | Gained mutation: A weak demonic guardian rushes to your
                  | aid. [demonic ancestry]
   319 | D        | Reached XP level 7. HP: 41/57 MP: 12/12
   375 | D        | Entered arena 6.
   375 | D        | Noticed a white ugly thing
   375 | D        | Noticed a warg
   375 | D        | Noticed a white ugly thing
   375 | D        | Noticed a warg
   375 | D        | a sky beast changed into a fire bat
   375 | D        | Noticed a fire bat (shapeshifter)
   375 | D        | Found a transporter.
   377 | D        | a fire bat changed into a warg
   377 | D        | Noticed a warg (shapeshifter)
   380 | D        | Killed a warg
   380 | D        | Reached **** piety under Qazlal
   386 | D        | Killed a warg
   388 | D        | Killed a white ugly thing
   388 | D        | Killed a warg
   389 | D        | Reached skill level 10 in Maces & Flails
   389 | D        | Reached skill level 10 in Invocations
   389 | D        | Reached skill level 5 in Evocations
   389 | D        | Gained mutation: A demonic guardian rushes to your aid.
                  | [demonic ancestry]
   389 | D        | Reached XP level 8. HP: 25/68 MP: 12/15
   389 | D        | HP: 1/68 [white ugly thing (13)]
   396 | D        | Killed a white ugly thing
   396 | D        | Reached ***** piety under Qazlal
   448 | D        | Entered arena 7.
   448 | D        | Noticed a cane toad
   449 | D        | Found a transporter.
   452 | D        | Reached skill level 11 in Maces & Flails
   456 | D        | Killed a cane toad
   457 | D        | Reached XP level 9. HP: 57/78 MP: 16/16
   459 | D        | Reached skill level 10 in Fighting
   475 | D        | Acquired the ring "Ciatanop" {^Drain rPois rF++ AC+4
                  | Stlth+}
   550 | D        | Entered arena 8.
   550 | D        | Noticed a sphinx
   550 | D        | Noticed a yaktaur
   550 | D        | Noticed an ironbound frostheart
   550 | D        | Noticed an arcanist
   550 | D        | Noticed a vault sentinel
   553 | D        | Found a transporter.
   558 | D        | Killed an arcanist
   559 | D        | Reached skill level 12 in Maces & Flails
   562 | D        | Killed a yaktaur
   565 | D        | Paralysed by a sphinx for 5 turns
   567 | D        | Slain by a sphinx

Illustrated notes

Levels and vault maps discovered:
D:        sprint_v [room_start, room_1, room_2, room_3, room_4, room_5, room_6,
          room_7, room_8, room_9, room_10, room_11, room_12, room_13, room_14,
          room_15, room_16, room_17, room_18, room_19, room_20, room_21,
          room_22, room_23, room_24, room_25, room_26, room_27]

Skill      XL: |  1  2  3  4  5  6  7  8  9 |
---------------+----------------------------+-----
Maces & Flails | 5 6 7 8 9 10 11 12 | 12.6
Armour         | 4 5 |  5.0
Dodging        | 4 5 |  5.0
Shields        | 2 4 5 |  5.0
Invocations    | 5 7 10 | 10.0
Fighting       | 4 5 8 9 10 | 10.0
Evocations     | 1 5 7 9 |  9.9
Throwing       | |  1.7

Action                     |  1- 3 |  4- 6 |  7- 9 || total
---------------------------+-------+-------+-------++-------
  Melee: Demon whip        |     7 |    23 |    40 ||    70
         Tailslap          |       |       |     6 ||     6
 Invoke: Upheaval          |       |       |     2 ||     2
    Use: Potion            |     1 |       |     3 ||     4
         Scroll            |       |       |     1 ||     1
 Armour: Plate armour      |     3 |    14 |       ||    17
         Gold dragon scale |       |       |    57 ||    57
  Dodge: Dodged            |     1 |     9 |     9 ||    19
  Block: Buckler           |     1 |     9 |    46 ||    56

Table legend: (Time is in decaauts)
 A = Elapsed time spent in this place.
 B = Non-inter-level travel time spent in this place.
 C = Inter-level travel time spent in this place.
 D = Time resting spent in this place.
 E = Time spent auto-exploring this place.
 F = Levels seen in this place.
 G = Mean time per level.
                   A        B        C        D        E       F      G
               +--------+--------+--------+--------+--------+-----+--------+
         Total |    543 |    543 |      0 |    237 |      0 |   1 |  543.0 |
       Dungeon |    543 |    543 |      0 |    237 |      0 |   1 |  543.0 |
               +--------+--------+--------+--------+--------+-----+--------+

Top non-repeatable levels by time:
       D: 543 daAuts
